 Dungeon Crawl Stone Soup version 0.23.2-1-ga50397a (webtiles) character file.

Game seed: 875165686934980423

1085 funkygono the Shield-Bearer (level 8, -6/48 HPs)
             Began as a Gargoyle Fighter on May 19, 2019.
             Killed by divine providence
             ... invoked by an orc priest
              (14 damage)
             ... on level 4 of the Dungeon.
             The game lasted 00:15:41 (4086 turns).

funkygono the Shield-Bearer (Gargoyle Fighter)      Turns: 4086, Time: 00:15:42

Health: -6/48      AC: 15    Str: 19    XL:     8   Next: 30%
Magic:  7/9        EV: 10    Int: 12    God:
Gold:   279        SH:  0    Dex:  9    Spells: 7/8 levels left

rFire    . . .     SeeInvis .   l - +2 mace (drain)
rCold    . . .     Gourm    .   (no shield)
rNeg     + . .     Faith    .   b - +0 scale mail
rPois    ∞         Spirit   .   (no helmet)
rElec    +         Reflect  .   k - +0 cloak
rCorr    .         Harm     .   g - +0 pair of gloves
MR       .....                  (no boots)
Stlth    ..........             (no amulet)
HPRegen  0.16/turn              (no ring)
MPRegen  0.11/turn              (no ring)

@: no status effects
A: negative energy resistance 1, electricity resistance, unbreathing,
petrification resistance, rot immunity, AC +5
a: no special abilities


You were on level 4 of the Dungeon.
You were not hungry.

You visited 1 branch of the dungeon, and saw 7 of its levels.

You collected 279 gold pieces.

Inventory:

Hand Weapons
 j - a +3 quarterstaff of chaos
 l - a +2 mace of draining (weapon)
Missiles
 e - 165 stones (quivered)
Armour
 b - a +0 scale mail (worn)
 c - a +1 shield
 g - a +0 pair of gloves (worn)
 k - a +0 cloak (worn)
Wands
 a - a wand of flame (17)
Scrolls
 h - a scroll of teleportation
 m - a scroll of blinking
 v - a scroll of remove curse
Potions
 d - 2 potions of might
 i - a potion of agility
 n - 2 potions of lignification {unknown}
 p - 2 potions of heal wounds {unknown}
 q - a potion of ambrosia {unknown}
 r - 3 potions of curing
 s - a potion of magic {unknown}
 u - a potion of degeneration {unknown}
Comestibles
 f - 10 rations
 o - a chunk of flesh


   Skills:
 + Level 4.5 Fighting
 + Level 6.0 Maces & Flails
 + Level 4.8 Armour
 + Level 2.1 Dodging
 + Level 0.2 Stealth
 + Level 6.3 Shields
 * Level 0.7 Spellcasting
 * Level 0.9 Conjurations
 * Level 1.1 Poison Magic


You had 7 spell levels left.
You knew the following spells:

 Your Spells              Type           Power        Failure   Level  Hunger
a - Sting                 Conj/Pois      #...         50%         1    ##.....

Your spell library contained the following spells:

 Spells                   Type           Power        Failure   Level  Hunger
 Poisonous Vapours        Pois/Air       #.....       71%         2    ###....
 Mephitic Cloud           Conj/Pois/Air  #.......     89%         3    ####...
 Olgreb's Toxic Radiance  Pois           #.......     99%         4    #####..
 Venom Bolt               Conj/Pois      #.........   100%        5    ######.


Dungeon Overview and Level Annotations

Branches:
Dungeon (7/15)
 Temple: D:4-7

Altars:

Shops:
D:4 (

Annotations:
D:4 3 runed translucent doors, Terandir's ghost, amateur MiFi


Innate Abilities, Weirdness & Mutations

You are resistant to torment.
Your stone body is resilient. (AC +5)
You are immune to poison.
You resist negative energy. (rN+)
You are resistant to electric shocks. (rElec)
You can survive without breathing.
You are immune to petrification.
You are immune to rotting.


Message History

You hit the adder.
You kill the adder!
You barely miss the leopard gecko. The leopard gecko barely misses you.
The leopard gecko closely misses you.
Casting: Sting (safe; 50% risk of failure)
Confirm with . or Enter, or press ? or * to list all spells.
Aiming: Sting (safe; 50% risk of failure)
Press: ? - help, Shift-Dir - straight line, f - leopard gecko
Aim: a leopard gecko (clinging)
The sting hits the leopard gecko.
The leopard gecko is poisoned.
The leopard gecko is moderately wounded.
The orc priest mumbles some strange prayers to Beogh against you.
Beogh smites you!
* * * LOW HITPOINT WARNING * * *
The leopard gecko barely misses you.
You hit the leopard gecko. You drain the leopard gecko.
You kill the leopard gecko!
The orc priest invokes the aid of Beogh against you.
Beogh smites you!
You die...

#################.######.#
#.............# #.# #.#
#.###########.# #.# #.#
#.#....# #.# #.# #.#
#.#..#.# ###.###.######.###
#.##.#.####>................
#.........#.#######.........
####.#......# #....####.
#.#....#@# #....# #.
#.#.[..#†# #....# #.
#.#....#o#######....# #.
#.#....#.#.....#....####.
#.......o......'.........
##........#.....#....####. .
#.....l...#######....# ##
..####.........# ####.#####
...........o...# #...#..


You could see 2 orc priests.

Vanquished Creatures
  A water moccasin (D:6)
  An ice beast (D:7)
  A sky beast (D:6)
  A phantom (D:4)
  2 big kobolds (D:7)
  A crimson imp (D:7)
  A centaur zombie (D:6)
  2 hounds
  A jelly (D:6)
  Crazy Yiuf (D:2)
  An orc priest (D:6)
  An orc wizard (D:4)
  Jessica (D:2)
  2 worker ants
  9 adders
  A shadow imp (D:6)
  3 oozes
  An adder skeleton (D:6)
  2 worms
  3 dart slugs (D:1)
  3 leopard geckos
  16 orcs
  9 bats
  8 giant cockroaches
  18 goblins
  6 hobgoblins
  11 jackals
  19 kobolds
  A quokka (D:3)
  A ball python (D:2)
  8 frilled lizards
  A quokka skeleton (D:6)
  6 rats
  A fungus (D:2)
144 creatures vanquished.

Notes
Turn   | Place    | Note
-------+----------+-------------------------------------------
     0 | D:1      | funkygono the Gargoyle Fighter began the quest for the Orb.
     0 | D:1      | Reached XP level 1. HP: 14/14 MP: 1/1
   153 | D:1      | Reached XP level 2. HP: 15/19 MP: 2/2
   363 | D:1      | Reached XP level 3. HP: 21/24 MP: 3/3
   701 | D:2      | Reached XP level 4. HP: 28/29 MP: 4/4
  1177 | D:2      | Found a runed translucent door.
  1178 | D:2      | Noticed Crazy Yiuf
  1194 | D:2      | Killed Crazy Yiuf
  1194 | D:2      | Reached XP level 5. HP: 8/33 MP: 5/5
  1368 | D:2      | Noticed Jessica
  1369 | D:2      | Found a faded altar of an unknown god.
  1379 | D:2      | Killed Jessica
  1744 | D:3      | Reached XP level 6. HP: 37/38 MP: 6/6
  1888 | D:3      | Reached skill level 1 in Dodging
  2353 | D:4      | Found a runed translucent gate.
  2354 | D:4      | Found a runed translucent gate.
  2355 | D:4      | Found a runed translucent gate.
  2357 | D:4      | Noticed Terandir's ghost (amateur MiFi)
  2366 | D:4      | You fall through a shaft!
  2366 | D:5      | Entered Level 5 of the Dungeon
  2374 | D:5      | Noticed a phantom
  2376 | D:5      | You fall through a shaft for 2 floors!
  2429 | D:7      | Reached skill level 5 in Shields
  2550 | D:7      | Noticed an ice beast
  2557 | D:7      | Killed an ice beast
  2557 | D:7      | Reached XP level 7. HP: 40/43 MP: 7/7
  2562 | D:7      | Reached skill level 5 in Maces & Flails
  3031 | D:6      | Reached XP level 8. HP: 42/48 MP: 8/8
  3147 | D:6      | Learned a level 1 spell: Sting
  3707 | D:4      | Found Derhana's Weapon Shoppe.
  3898 | D:4      | Reached skill level 1 in Poison Magic
  4086 | D:4      | Killed from afar by an orc priest

Skill      XL: |  1  2  3  4  5  6  7  8 |
---------------+-------------------------+-----
Shields        | 4 5 6 |  6.3
Maces & Flails | 3 4 5 6 |  6.0
Fighting       | 4 |  4.5
Armour         | 4 |  4.8
Dodging        | 1 2 |  2.1
Poison Magic   | 1 |  1.1
Stealth        | |  0.2
Spellcasting   | |  0.7
Conjurations   | |  0.9

Action                   |  1- 3 |  4- 6 |  7- 9 || total
-------------------------+-------+-------+-------++-------
Melee: Flail             |   108 |    99 |       ||   207
       Mace              |       |   173 |   146 ||   319
 Cast: Sting             |       |       |     6 ||     6
  Use: Scroll            |     2 |     3 |     1 ||     6
  Eat: Chunk             |       |     5 |     7 ||    12
Armor: Scale mail        |    61 |   138 |    96 ||   295
Dodge: Dodged            |    34 |    73 |    64 ||   171
Block: Shield            |    53 |   151 |    40 ||   244
